 Dungeon Crawl Stone Soup version 0.29.1-2-gbd0b4ee654 (webtiles) character file.

Game seed: 18163473063419498258

16975 funnyparkerb the Thaumaturge (level 12, -3/95 HPs)
             Began as a Djinni Fire Elementalist on Nov 24, 2022.
             Was a Believer of Ashenzari.
             Shot with an arrow by a centaur (13 damage)
             ... led by a centaur warrior
             ... on level 11 of the Dungeon.
             The game lasted 00:28:10 (17654 turns).

funnyparkerb the Thaumaturge (DjFE)                Turns: 17654, Time: 00:28:11

Health: -3/95      AC:  6    Str:  7    XL:     12   Next: 76%
Gold:   1155       EV: 14    Int: 34    God:    Ashenzari [**....] SH:  3 Dex: 14

rFire   + + .      SeeInvis +   k - +10 rapier "Ogrebane" {antimagic, *Noise rC+ rN+ Will+}
rCold   . . .      Faith    .   D - +0 buckler of Ashenzari's Fetters {Melee, Cun} (curse)
rNeg    + . .      Spirit   .   O - +0 troll leather armour
rPois   ∞          Reflect  .   s - +0 helmet of Star-Bound Wisdom {Cun, Melee} (curse)
rElec   .          Harm     .   (no cloak)
rCorr   .          Rampage  .   (no gloves)
Will    ++...                   (boots unavailable)
Stlth   ++........              (no amulet)
HPRegen 1.05/turn               c - ring "Gaze Upon Infinity" {Int+6, Self, Cun} (curse)
MPRegen 0.00/turn               j - +6 ring of intelligence

@: flying, studying Short Blades
A: sickness immunity, fire resistance 2, cold vulnerability 1, float, innate
caster, HP casting, extra vitality 1
a: Renounce Religion, Curse Item, Shatter the Chains


You were on level 11 of the Dungeon.
You worshipped Ashenzari.
Ashenzari was pleased with you.
You visited 2 branches of the dungeon, and saw 12 of its levels.
You also visited: Ossuary and Bailey.

You collected 1323 gold pieces.
You spent 168 gold pieces at shops.

Inventory:

Hand Weapons
 k - the +10 rapier "Ogrebane" (weapon) {antimagic, *Noise rC+ rN+ Will+}
   (You found it on level 7 of the Dungeon)

   It reduces the magical energy of the wielder, and disrupts the spells and
   magical abilities of those it strikes.
   Natural abilities and divine invocations are not affected.
   rC:        It protects you from cold.
   rN:        It protects you from negative energy.
   *Noise:    It may make noises in combat.
   Will:      It increases your willpower.
Missiles
 b - 7 throwing nets
 e - 9 javelins
Armour
 l - a +0 tower shield
 s - the cursed +0 helmet of Star-Bound Wisdom (worn) {Cun, Melee}
   (You found it on level 3 of the Dungeon)

   It has a curse which improves the following skills: Cunning: Dodging and
   Stealth.
   Melee Combat: Short Blades, Long Blades, Axes, Maces & Flails, Polearms,
   Staves and Unarmed Combat.
 D - the cursed +0 buckler of Ashenzari's Fetters (worn) {Melee, Cun}
   (You found it on level 6 of the Dungeon)

   It has a curse which improves the following skills: Melee Combat: Short
   Blades, Long Blades, Axes, Maces & Flails, Polearms, Staves and Unarmed
   Combat.
   Cunning:   Dodging and Stealth.
 F - +0 steam dragon scales
 I - +0 acid dragon scales
 O - a +0 troll leather armour (worn)
Jewellery
 a - a ring of fire
 c - the cursed ring "Gaze Upon Infinity" (left hand) {Int+6, Self, Cun}
   (You found it on level 7 of the Dungeon)

   [ring of intelligence]

   Int:       It affects your intelligence (+6).
   It has a curse which improves the following skills: Introspection: Fighting
   and Spellcasting.
   Cunning:   Dodging and Stealth.
 j - a +6 ring of intelligence (right hand)
 M - the ring "Pikagau" {rElec rPois Str+2}
   (You found it on level 9 of the Dungeon)

   [ring of poison resistance]

   Str:       It affects your strength (+2).
   rElec:     It insulates you from electricity.
   rPois:     It protects you from poison.
Wands
 v - a wand of flame (16)
 y - a wand of polymorph (8)
 G - a wand of iceblast (11)
Scrolls
 d - a scroll of enchant weapon
 m - 4 scrolls of fear
 n - 3 scrolls of amnesia
 o - 4 scrolls of teleportation
 q - a scroll of fog
 t - 3 scrolls of poison
 w - 6 scrolls of blinking
 x - 3 scrolls of vulnerability
 A - 5 scrolls of summoning
 B - a scroll of immolation
 E - a scroll of magic mapping
 K - a scroll of torment
 L - 3 scrolls of identify
Potions
 f - 6 potions of attraction
 g - 4 potions of cancellation
 h - 3 potions of heal wounds
 i - 10 potions of curing
 p - a potion of ambrosia
 r - 6 potions of mutation
 u - 2 potions of might
 z - 2 potions of berserk rage
 C - 2 potions of flight
 J - a potion of haste
Miscellaneous
 H - a lightning rod (4/4)
 N - a tin of tremorstones (2/2)


   Skills:
 + Level 10.9(12.1) Fighting
 + Level 4.9 Armour
 + Level 5.9(8.4) Dodging
 - Level 1.5(3.2) Stealth
 * Level 12.1(13.3) Spellcasting


You had 11 spell levels left.
You knew the following spells:

 Your Spells              Type           Power      Damage    Failure   Level
a - Foxfire               Conj/Fire      100%       2x1d9     0%          1
b - Scorch                Fire           100%       2d10      1%          2
c - Conjure Flame         Conj/Fire      85%        6-21      1%          3
d - Inner Flame           Hex/Fire       85%        N/A       1%          3
e - Flame Wave            Conj/Fire      85%        2d18      1%          4
f - Slow                  Hex            100%       N/A       0%          1
g - Poisonous Vapours     Pois/Air       100%       N/A       1%          2
h - Portal Projectile     Hex/Tloc       100%       N/A       1%          3
i - Call Canine Familiar  Summ           85%        N/A       1%          3
j - Cause Fear            Hex            42%        N/A       1%          4
Your spell library was empty.

Dungeon Overview and Level Annotations

Branches:
Dungeon (11/15)            Temple (1/1) D:7            Lair (0/5) D:10
Ossuary (visited)          Bailey (visited)
    Orc: D:9-12

Altars:
Ashenzari
Cheibriados
Fedhas
Hepliaklqana
Makhleb
Nemelex Xobeh
Qazlal
Ru
Trog
Uskayaw
Wu Jian
Xom
Yredelemnul
Zin
The Shining One

Shops:
D:3 ([   D:11 *

Portals:
Trove: D:11 (give 14 potions of heal wounds)


Innate Abilities, Weirdness & Mutations

You are immune to sickness and miasma.
You are immune to poison.
Your flesh is very heat resistant. (rF++)
You are vulnerable to cold. (rC-)
You float through the air rather than walking.
You learn spells naturally, not from books.
Your magical power is your life essence.
You have superior vitality. (+4 MHP)


Message History

The arrow hits you!
The centaur wields a +0 shortbow.
The centaur shoots an arrow.
The arrow misses you.
A centaur comes into view.
The centaur warrior is engulfed in blazing flames.
Flame seeps out of the centaur warrior.
The centaur warrior shoots an arrow.
The arrow misses you.
Casting: Poisonous Vapours (safe; 1% risk of failure)
Confirm with . or Enter, or press ? or * to list all spells.
Aiming: Inner Flame (safe; 1% risk of failure)
Press: ? - help, Dir - move target, f - centaur, p - centaur warrior
Aim: a centaur, wielding a +0 shortbow (chance to affect: 99%)
The centaur is filled with an inner flame.
Flame seeps out of the centaur warrior.
The centaur shoots an arrow.
The arrow hits you.
The centaur wields a +0 shortbow.
The centaur shoots an arrow.
The arrow completely misses you.
The centaur warrior is engulfed in blazing flames.
Flame seeps out of the centaur warrior.
The centaur shoots an arrow.
The arrow hits you.
Casting: Inner Flame (safe; 1% risk of failure)
Confirm with . or Enter, or press ? or * to list all spells.
Aiming: Poisonous Vapours (safe; 1% risk of failure)
Press: ? - help, Dir - move target, f/p - centaur
Aim: a centaur, wielding a +0 shortbow (inner flame) Poisonous vapours surround the centaur!
The centaur is poisoned.
Flame seeps out of the centaur warrior.
Flame seeps out of the centaur.
The centaur warrior is engulfed in blazing flames.
Flame seeps out of the centaur warrior.
The centaur warrior shoots an arrow.
The arrow hits you!!
* * * LOW HITPOINT WARNING * * *
The centaur shoots an arrow.
The arrow hits you!
* * * LOW HITPOINT WARNING * * *
The centaur is engulfed in blazing flames.
Flame seeps out of the centaur.
The centaur warrior is engulfed in blazing flames.
The centaur warrior explodes!
The centaur shoots an arrow.
The arrow barely misses you.
You feel better.
The centaur shoots an arrow.
The arrow hits you!
* * * LOW HITPOINT WARNING * * *
The centaur shoots an arrow.
The arrow hits you!
You die...

.....)...........................
.................................
.................................
.......≈≈≈≈≈≈≈≈≈.................
......≈≈≈≈≈≈≈≈≈≈≈................
......≈≈≈≈≈≈≈≈≈≈≈.......... ....
......≈≈≈≈♣.♣≈≈≈≈......... ...
......≈≈≈♣.>..≈≈≈......... ...
......≈≈≈♣.∩.♣≈≈@......... , ...
......≈≈≈....♣≈≈≈....☼.§.. ...
......≈≈≈≈♣.♣≈≈≈≈....§)... ...
......≈≈≈≈≈≈≈≈≈≈≈..§§§☼§.., , ...
......≈≈≈≈≈≈≈≈≈≈≈..§○§c..., ,...
.......≈≈≈≈≈≈≈≈≈...§§..○.. ...
#..##..###..........[.c... ...
##.##.## #................, ...
#....# #.##............. ...


You could see 2 centaurs.

Vanquished Creatures
  2 two-headed ogres
  A centaur warrior (D:11)
  Pikel (D:6)
  2 manticores (D:11)
  Joseph (D:10)
  2 gargoyles
  Maggie (D:7)
  3 kobold demonologists
  3 trolls
  2 hornets
  Grinder (D:3)
  15 yaks
  A shadow (D:7)
  2 wyverns
  A steam dragon (D:9)
  Grum (Bailey)
  Eustachio (D:6)
  2 vampire mosquitoes (D:7)
  Menkaure (D:7)
  2 acid dragons
  5 water moccasins
  3 sky beasts
  4 orc warriors
  5 black bears
  2 ice beasts
  7 wolves (Bailey)
  5 centaurs
  4 kobold brigands
  Blork the orc (D:6)
  2 elf zombies (Ossuary)
  5 bullfrogs
  4 scorpions
  9 gnoll sergeants
  2 necrophages (D:5)
  8 wights
  11 killer bees (D:8)
  4 howler monkeys
  2 centaur zombies (Ossuary)
  A human zombie (Ossuary)
  5 jellies
  6 orc priests
  4 gnoll boudas
  6 hounds
  3 iguanas
  Natasha (thrice) (D:3)
  5 orc wizards
  2 hound zombies (Ossuary)
  3 mummies (Ossuary)
  24 gnolls
  7 adders
  2 white imps
  3 adder zombies (Ossuary)
  A dart slug (D:1)
  35 orcs
  4 bat zombies (D:8)
  11 endoplasms
  2 giant cockroaches
  4 gnoll zombies (Ossuary)
  16 goblins
  4 hobgoblins
  12 jackals
  2 quokkas
  6 ball pythons
  9 bats
  4 frilled lizards
  3 goblin zombies (Ossuary)
  2 hobgoblin zombies (Ossuary)
  4 jackal zombies (Ossuary)
  20 kobolds
  3 kobold zombies (Ossuary)
  5 quokka zombies (Ossuary)
  6 rats
  3 rat zombies (Ossuary)
358 creatures vanquished.

Vanquished Creatures (collateral kills)
  A gnoll bouda (Bailey)
1 creature vanquished.

Vanquished Creatures (others)
  659 foxfires
  52 fungi (D:10)
  56 plants (D:10)
767 creatures vanquished.

Grand Total: 1126 creatures vanquished

Notes
Turn   | Place    | Note
-------+----------+-------------------------------------------
     0 | D:1      | funnyparkerb the Djinni Fire Elementalist began the quest
                  | for the Orb.
     0 | D:1      | funnyparkerb set off with the following spells memorised:
                  | Foxfire, Scorch, Conjure Flame, Inner Flame, Flame Wave.
     0 | D:1      | Reached XP level 1. HP: 15/15 MP: 0/0
   261 | D:1      | Reached XP level 2. HP: 6/22 MP: 0/0
   566 | D:1      | Reached skill level 1 in Fighting
   855 | D:1      | Reached XP level 3. HP: 16/27 MP: 0/0
   855 | D:1      | Learned a level 1 spell: Slow
   856 | D:1      | Reached skill level 3 in Spellcasting
  1461 | D:1      | Reached XP level 4. HP: 29/32 MP: 0/0
  3106 | D:3      | Found Rotypero's Armour Shoppe.
  3110 | D:3      | Noticed Grinder
  3117 | D:3      | Killed Grinder
  3118 | D:3      | Reached skill level 4 in Spellcasting
  3118 | D:3      | Reached XP level 5. HP: 31/40 MP: 0/0
  3118 | D:3      | Learned a level 2 spell: Poisonous Vapours
  3118 | D:3      | Reached XP level 6. HP: 36/46 MP: 0/0
  3258 | D:3      | Noticed Natasha
  3263 | D:3      | Killed Natasha
  3532 | D:3      | Found a snail-covered altar of Cheibriados.
  3604 | D:3      | Reached XP level 7. HP: 35/50 MP: 0/0
  3604 | D:3      | Learned a level 3 spell: Portal Projectile
  3729 | D:3      | Noticed Natasha
  3736 | D:3      | Killed Natasha
  3769 | D:3      | Noticed Natasha
  3782 | D:3      | Killed Natasha
  3783 | D:3      | Reached skill level 5 in Spellcasting
  4059 | D:3      | Found Eliral's Antique Weapon Shoppe.
  4779 | D:4      | Found a sand-covered staircase.
  4788 | Ossuary  | Entered an ossuary
  5483 | Ossuary  | Reached XP level 8. HP: 21/58 MP: 0/0
  5898 | Ossuary  | Reached skill level 6 in Spellcasting
  6377 | D:4      | Found a sparkling altar of Nemelex Xobeh.
  6656 | D:5      | Entered Level 5 of the Dungeon
  6794 | D:5      | Found a stormy altar of Qazlal.
  6921 | D:5      | Found a glowing golden altar of the Shining One.
  7026 | D:5      | Reached skill level 5 in Fighting
  7574 | D:5      | Noticed a two-headed ogre
  7604 | D:5      | Killed a two-headed ogre
  7605 | D:5      | Reached skill level 7 in Spellcasting
  7605 | D:5      | Reached XP level 9. HP: 34/67 MP: 0/0
  7605 | D:5      | Learned a level 3 spell: Call Canine Familiar
  8891 | D:6      | Reached skill level 8 in Spellcasting
  8968 | D:6      | Noticed Blork the orc
  8971 | D:6      | Killed Blork the orc
  8992 | D:6      | Noticed Eustachio
  8996 | D:6      | Killed Eustachio
  9268 | D:6      | Found a hazy altar of Hepliaklqana.
  9479 | D:6      | Reached XP level 10. HP: 68/75 MP: 0/0
  9673 | D:6      | Noticed Pikel
  9677 | D:6      | Killed Pikel
  9678 | D:6      | Reached skill level 9 in Spellcasting
  9853 | D:7      | Noticed Maggie
  9860 | D:7      | Killed Maggie
 10940 | D:7      | Noticed a kobold demonologist
 10962 | D:7      | Reached skill level 10 in Spellcasting
 10991 | D:7      | Killed a kobold demonologist
 11076 | D:7      | Reached XP level 11. HP: 24/84 MP: 0/0
 11076 | D:7      | Learned a level 4 spell: Cause Fear
 11388 | D:7      | Identified the +10 rapier "Ogrebane" {antimagic, *Noise rC+
                  | rN+ Will+}
 11599 | D:7      | Found a staircase to the Ecumenical Temple.
 11635 | Temple   | Entered the Ecumenical Temple
 11657 | Temple   | Became a worshipper of Ashenzari the Shackled
 11862 | D:7      | Noticed Menkaure
 11868 | D:7      | Killed Menkaure
 12141 | D:7      | Found an ornate altar of the Wu Jian Council.
 13606 | D:9      | Reached skill level 1 in Armour
 13606 | D:9      | Reached skill level 11 in Spellcasting
 13756 | D:9      | Identified the ring "Pikagau" {rElec rPois Str+2}
 13875 | D:9      | Found a flagged portal.
 13899 | Bailey   | Entered a bailey
 14339 | Bailey   | Noticed Grum
 14350 | Bailey   | Killed Grum
 14546 | Bailey   | Reached skill level 10 in Fighting
 15347 | D:9      | Noticed a two-headed ogre
 15353 | D:9      | Killed a two-headed ogre
 15530 | D:9      | Noticed a soul eater
 15534 | D:9      | Reached XP level 12. HP: 84/93 MP: 0/0
 15559 | D:9      | Reached * piety under Ashenzari
 15559 | D:9      | Identified a scroll of acquirement
 15619 | D:9      | Acquired a manual of Short Blades
 15908 | D:10     | Entered Level 10 of the Dungeon
 16523 | D:10     | Reached skill level 5 in Dodging
 16684 | D:10     | Found a staircase to the Lair.
 16887 | D:10     | Noticed Joseph
 16893 | D:10     | Killed Joseph
 17010 | D:11     | Reached ** piety under Ashenzari
 17185 | D:11     | Reached skill level 12 in Spellcasting
 17302 | D:11     | Found a portal to a secret trove of treasure.
 17523 | D:11     | Noticed a seven-headed hydra
 17538 | D:11     | HP: 2/95 [seven-headed hydra (6)]
 17630 | D:11     | Found Xithong's Island Escapes.
 17638 | D:11     | Bought a scroll of teleportation for 48 gold pieces
 17638 | D:11     | Bought a scroll of blinking for 120 gold pieces
 17645 | D:11     | Noticed a centaur warrior
 17653 | D:11     | Killed a centaur warrior
 17654 | D:11     | Shot with an arrow by a centaur

Illustrated notes

Levels and vault maps discovered:
D:1:      dpeg_arrival_three_same_balls, layout_basic
D:2:      layout_basic, minmay_quantized
D:3:      layout_rooms, overflow_temple_1_default, serial_shops, shop_fountains,
          shop_statue, chequers_hall_statues_y, uniq_grinder, uniq_natasha
D:4:      layout_basic, nemelex_diamond_rough_becter,
          chequers_ossuary_entry_cave, st_stairs_1
D:5:      minmay_recursive_quarters, layout_layer_cave, tso_metal_star,
          mainiacjoe_overflow_alcove_4, st_stairs_3, serial_park_tiny_pond
D:6:      layout_loops_ring, mainiacjoe_overflow_tiny_flanked,
          uniq_blork_the_orc, uniq_eustachio, uniq_pikel
D:7:      minmay_the_grid_triangle_9x9_rhombus_full
          [minmay_the_grid_triangle_9x9_cache,
          minmay_the_grid_triangle_9x9_windchime,
          minmay_the_grid_triangle_9x9_from_above,
          minmay_the_grid_triangle_9x9_sprig,
          minmay_the_grid_triangle_9x9_shrine,
          minmay_the_grid_triangle_9x9_impossible_snake,
          minmay_the_grid_triangle_9x9_skeleton,
          minmay_the_grid_triangle_9x9_prize_insulated], layout_cave_pools,
          kennysheep_mini_moat, kennysheep_orc_sif_temple,
          minmay_temple_entry_antechambers, uniq_maggie, uniq_menkaure
D:8:      layout_basic, lemuel_zombie_altar_kikubaaqudgha
D:9:      layout_roguey, enter_bailey_3
D:10:     layout_loops_corners, due_lair_maze_entry_diamond, nicolae_titane,
          uniq_joseph
D:11:     layout_layer_cave, enter_trove_1, nicolae_island_escapes
Temple:   eino_temple_lava

Skill      XL: |  1  2  3  4  5  6  7  8  9 10 11 12 |
---------------+-------------------------------------+-----
Fighting       | 1 3 4 6 7 9 10 | 10.9
Spellcasting   | 3 4 5 7 8 10 11 12 | 12.1
Armour         | 3 4 |  4.9
Dodging        | 4 5 |  5.9
Stealth        | |  1.5

Action                   |  1- 3 |  4- 6 |  7- 9 | 10-12 || total
-------------------------+-------+-------+-------+-------++-------
Melee: Dagger            |     5 |       |       |       ||     5
       Rapier            |       |       |       |     6 ||     6
Throw: Javelin           |     2 |       |       |       ||     2
 Cast: Foxfire           |    31 |   101 |   176 |    92 ||   400
       Scorch            |    23 |    15 |    31 |    61 ||   130
       Poisonous Vapours |       |     5 |    50 |   124 ||   179
       Inner Flame       |       |       |    50 |   106 ||   156
       Conjure Flame     |       |       |     3 |    12 ||    15
       Call Canine Famil |       |       |     2 |     7 ||     9
       Slow              |       |       |       |     7 ||     7
       Flame Wave        |       |       |       |     6 ||     6
Invok: Curse Item        |       |       |       |     3 ||     3
  Use: Scroll            |       |       |     9 |     2 ||    11
       Potion            |       |       |     2 |     1 ||     3
 Stab: Distracted        |       |       |       |     1 ||     1
Armor: Robe              |     4 |     1 |    11 |       ||    16
       Steam dragon scal |       |       |       |     9 ||     9
       Acid dragon scale |       |       |       |     9 ||     9
       Troll leather arm |       |       |       |    13 ||    13
Dodge: Dodged            |     5 |     8 |    25 |    64 ||   102
Block: Buckler           |       |       |       |    19 ||    19
